General information
- name: BNet
- type: Ladder team game (AT/RT)
- host: Battle.net
- saver: GreedoftheNoob
map: Avalanche
- players: 4
- length: 17:45
- speed: Fast
- version: 1.21 W3XP
- replay type: Public
» download(89 KB)
Players
team 1 (winner)
Comfyslipper (
red | 49 APM | 820 actions | 16:40)
2 Demon Hunter
1 Mana Burn
1 Evasion
2 Warden
1 Fan of Knives
1 Blink
» actions
| Assign group hotkey | 9 | |
| Basic commands | 23 | |
| Build / train | 49 | |
| ESC pressed | 1 | |
| Enter build submenu | 11 | |
| Enter hero's abilities submenu | 5 | |
| Give item / drop item | 1 | |
| Right click | 348 | |
| Select / deselect | 295 | |
| Use ability | 78 | |
820 total
» units
| Wisp | 17 | |
| Archer | 4 | |
| Huntress | 4 | |
| Dryad | 11 | |
36 total
» upgrades
» buildings
| Altar of Elders | 1 | |
| Moon Well | 5 | |
| Ancient of War | 1 | |
| Tree of Ages | 1 | |
| Hunter's Hall | 1 | |
| Ancient of Lore | 2 | |
| Ancient of Wonders | 1 | |
12 total
» build order
00:09 Altar of Elders
00:26 Moon Well
01:09 Ancient of War
02:33 Moon Well
02:40 Tree of Ages
03:20 Hunter's Hall
04:00 Moon Well
05:21 Ancient of Lore
05:25 Ancient of Lore
08:24 Moon Well
08:26 Ancient of Wonders
08:39 Moon Well
» items
| Lesser Clarity Potion | 1 | |
| Staff of Preservation | 1 | |
| Potion of Mana | 2 | |
| Potion of Healing | 1 | |
5 total
GreedoftheNoob (
orange | 57 APM | 1012 actions | 17:45)
3 Archmage
2 Summon Water Elemental
1 Brilliance Aura
2 Paladin
1 Holy Light
1 Divine Shield
» actions
| Assign group hotkey | 11 | |
| Basic commands | 10 | |
| Build / train | 49 | |
| ESC pressed | 2 | |
| Enter build submenu | 11 | |
| Enter hero's abilities submenu | 6 | |
| Give item / drop item | 2 | |
| Right click | 557 | |
| Select / deselect | 301 | |
| Select group hotkey | 11 | |
| Use ability | 52 | |
1012 total
» units
» upgrades
» buildings
| Altar of Kings | 1 | |
| Farm | 4 | |
| Barracks | 1 | |
| Scout Tower | 1 | |
| Arcane Tower | 1 | |
| Keep | 1 | |
| Lumber Mill | 1 | |
| Blacksmith | 1 | |
11 total
» build order
00:06 Altar of Kings
00:18 Farm
00:20 Farm
00:34 Barracks
01:27 Scout Tower
02:01 Arcane Tower
02:04 Farm
02:55 Farm
03:19 Keep
03:45 Lumber Mill
03:47 Blacksmith
» items
team 2 (loser)
avatar_of_venom (
teal | 46 APM | 814 actions | 17:44)
6 Dreadlord
2 Sleep
3 Carrion Swarm
1 Inferno
» actions
| Assign group hotkey | 12 | |
| Basic commands | 64 | |
| Build / train | 68 | |
| ESC pressed | 3 | |
| Enter build submenu | 16 | |
| Enter hero's abilities submenu | 7 | |
| Right click | 327 | |
| Select / deselect | 270 | |
| Select group hotkey | 7 | |
| Use ability | 40 | |
814 total
» units
| Acolyte | 23 | |
| Ghoul | 21 | |
| Necromancer | 8 | |
52 total
» upgrades
» buildings
| Crypt | 3 | |
| Altar of Darkness | 1 | |
| Ziggurat | 2 | |
| Necropolis | 1 | |
| Tomb of Relics | 1 | |
| Graveyard | 2 | |
| Halls of the Dead | 1 | |
| Temple of the Damned | 1 | |
| Black Citadel | 1 | |
13 total
» build order
00:06 Crypt
00:10 Altar of Darkness
00:32 Ziggurat
01:00 Necropolis
01:16 Ziggurat
01:42 Tomb of Relics
05:55 Crypt
05:56 Graveyard
06:00 Halls of the Dead
08:20 Graveyard
08:24 Crypt
08:25 Temple of the Damned
11:58 Black Citadel
» items
| Rod of Necromancy | 2 | |
| Scroll of Town Portal | 1 | |
| Potion of Healing | 1 | |
| Potion of Mana | 2 | |
6 total
CephalicCarnage (
pink | 129 APM | 2288 actions | 17:44)
6 Death Knight
3 Death Coil
3 Unholy Aura
» actions
| Assign group hotkey | 35 | |
| Basic commands | 110 | |
| Build / train | 43 | |
| ESC pressed | 2 | |
| Enter build submenu | 18 | |
| Enter hero's abilities submenu | 6 | |
| Give item / drop item | 1 | |
| Right click | 1136 | |
| Select / deselect | 516 | |
| Select group hotkey | 371 | |
| Use ability | 50 | |
2288 total
» units
| Acolyte | 2 | |
| Ghoul | 4 | |
| Crypt Fiend | 10 | |
| Obsidian Statue | 5 | |
21 total
» upgrades
| Creature Attack | 4 | |
| Creature Carapace | 1 | |
| Burrow | 1 | |
| Destroyer Form | 1 | |
7 total
» buildings
| Crypt | 1 | |
| Graveyard | 2 | |
| Altar of Darkness | 1 | |
| Ziggurat | 7 | |
| Tomb of Relics | 1 | |
| Halls of the Dead | 1 | |
| Slaughterhouse | 2 | |
| Black Citadel | 1 | |
16 total
» build order
00:09 Crypt
00:18 Graveyard
00:41 Altar of Darkness
00:57 Ziggurat
01:23 Tomb of Relics
01:59 Ziggurat
03:51 Ziggurat
05:27 Halls of the Dead
06:10 Ziggurat
07:32 Ziggurat
09:32 Slaughterhouse
10:25 Black Citadel
11:54 Slaughterhouse
12:17 Ziggurat
12:19 Ziggurat
17:14 Graveyard
» items
| Rod of Necromancy | 2 | |
| Scroll of Town Portal | 1 | |
| Potion of Healing | 2 | |
| Potion of Mana | 1 | |
6 total
Chat log
(00:08 / All) GreedoftheNoob: gg eta
(00:11 / Allies) GreedoftheNoob: im making tanks
(00:17 / Allies) Comfyslipper: y?
(00:23 / Allies) GreedoftheNoob: and pally 2nd
(00:26 / Allies) GreedoftheNoob: few priest
(00:30 / Allies) GreedoftheNoob: rifles
(00:31 / Allies) GreedoftheNoob: and
(00:32 / Allies) Comfyslipper: how about mortors
(00:38 / Allies) GreedoftheNoob: rifles id say
(00:40 / Allies) GreedoftheNoob: more important
(00:42 / Allies) Comfyslipper: tehy > fiends
(00:52 / Allies) GreedoftheNoob: amybe
(00:56 / Allies) Comfyslipper: mortors at back deadly
(01:00 / Allies) GreedoftheNoob: either way
(01:01 / Allies) GreedoftheNoob: rifles
(01:05 / Allies) GreedoftheNoob: and a couple priest
(01:06 / Allies) GreedoftheNoob: but tanks
(01:13 / Allies) Comfyslipper: y?
(01:15 / Allies) GreedoftheNoob: imc reeping
(01:17 / Allies) GreedoftheNoob: because destroyers
(01:24 / Allies) Comfyslipper: no one makes tanks in 2v2
(01:30 / Allies) GreedoftheNoob: i did yesterday
(01:31 / Allies) GreedoftheNoob: twice
(01:34 / Allies) GreedoftheNoob: and won the game twice
(01:35 / Allies) Comfyslipper: and did we win?
(01:46 / Allies) GreedoftheNoob: they will mass destroyer
(01:48 / Allies) GreedoftheNoob: so obvously
(01:51 / Allies) GreedoftheNoob: 3/4 tanks
(01:53 / Allies) Comfyslipper: just go
(01:54 / Allies) GreedoftheNoob: isnt a big commit,ment
(02:09 / All) avatar_of_venom: yes im a noob
(02:09 / Allies) Comfyslipper: he making second nec?
(03:29 / Allies) GreedoftheNoob: or
(03:30 / Allies) Comfyslipper: wierd bo
(03:30 / Allies) GreedoftheNoob: bot and stela item
(03:40 / Allies) Comfyslipper: .time
(04:24 / Allies) Comfyslipper: dun be silly
(04:28 / Allies) GreedoftheNoob: ?
(05:41 / Allies) Comfyslipper: call?
(06:04 / Allies) Comfyslipper: call
(06:17 / Allies) Comfyslipper: your loseing shit all
(07:00 / Allies) GreedoftheNoob: i have pally
(08:34 / Allies) GreedoftheNoob: dumb move!
(08:38 / Allies) GreedoftheNoob: by me
(09:52 / Allies) GreedoftheNoob: 10 more g
(10:13 / Allies) GreedoftheNoob: if we lose to this im uninstalling!
(11:46 / Allies) Comfyslipper: I think we fucked
(12:44 / Allies) GreedoftheNoob: these guys are easily the biggest nubs ever
(12:52 / Allies) Comfyslipper: yes
(12:55 / Allies) Comfyslipper: gay strat
(13:06 / Allies) Comfyslipper: Ithink u shoudl call right away but I don't know hu
(13:17 / Allies) GreedoftheNoob: i didnt take it seriously
(13:28 / Allies) Comfyslipper: they not that lvl caue it never work heh
(13:38 / All) avatar_of_venom: your now the offical owner of the replay I got pwned by mass acolytes
(13:50 / Allies) GreedoftheNoob: make a tree please
(13:54 / All) Comfyslipper: your now the offical owner of no life
(16:04 / Allies) Comfyslipper: leave heh